 Dungeon Crawl Stone Soup version 0.28-a0-1510-gd0f6b136d3 (webtiles) character file.

Game seed: 5209532620129819204

18062 Foxy the Fighter (level 12, -4/136 HPs)
             Began as an Ogre Gladiator on Jan 14, 2022.
             Was a High Priest of Okawaru.
             Shot with an arrow by a centaur warrior (12 damage)
             ... on level 13 of the Dungeon.
             The game lasted 00:30:05 (17465 turns).

Foxy the Fighter (Ogre Gladiator)                  Turns: 17465, Time: 00:30:05

Health: -4/136     AC:  9    Str: 21    XL:     12   Next: 54%
Magic:  16/16      EV: 11    Int: 13    God:    Okawaru [*****.]
Gold:   513        SH:  0    Dex: 10    Spells: 11/11 levels left

rFire   . . .      SeeInvis +   Y - +2 battleaxe (vamp)
rCold   . . .      Faith    +   (shield currently unavailable)
rNeg    + . .      Spirit   .   s - +0 swamp dragon scales
rPois   +          Reflect  .   c - +0 hat
rElec   .          Harm     .   B - +0 cloak
rCorr   .          Rampage  .   (gloves unavailable)
Will    ++...                   (boots unavailable)
Stlth   ..........              t - amulet of faith
HPRegen 0.32/turn               u - ring of see invisible
MPRegen 0.15/turn               A - ring of Coihur {*Slow rN+ Will+ Slay+3}

@: no status effects
A: large, unfitting armour, tough skin 1
a: Renounce Religion, Heroism, Finesse, Duel


You were on level 13 of the Dungeon.
You worshipped Okawaru.
Okawaru was extremely pleased with you.
You visited 2 branches of the dungeon, and saw 14 of its levels.
You also visited: Bailey.

You collected 714 gold pieces.
You spent 201 gold pieces at shops.

Inventory:

Hand Weapons
 i - the +6 glaive "Embalmer" {vorpal, Will++}
   (Okawaru gifted it to you on level 13 of the Dungeon)

   It inflicts extra damage upon your enemies.
   Will:      It greatly increases your willpower.
 q - a +4 halberd
 L - a +2 spear
 O - a +2 halberd of electrocution
 Y - a +2 vampiric battleaxe (weapon)
Missiles
 d - 3 throwing nets
 r - 5 boomerangs
 y - a javelin
 I - 5 datura-tipped darts
 J - 22 poisoned darts
 M - a curare-tipped dart
 N - 9 large rocks (quivered)
 Z - 6 atropa-tipped darts
Armour
 c - a +0 hat (worn)
 s - +0 swamp dragon scales (worn)
 B - a +0 cloak (worn)
 K - a +0 kite shield
Jewellery
 e - an amulet of the acrobat
 j - a ring of fire
 t - an amulet of faith (around neck)
 u - a ring of see invisible (left hand)
 A - the ring of Coihur (right hand) {*Slow rN+ Will+ Slay+3}
   (You found it on level 4 of the Dungeon)

   [ring of positive energy]

   Slay:      It affects your accuracy & damage with ranged weapons and melee
   (+3).
   rN:        It protects you from negative energy.
   *Slow:     It may slow you when you take damage.
   Will:      It increases your willpower.
 V - a ring of flight
 W - a ring of protection from cold
Wands
 g - a wand of mindburst (5)
 x - a wand of digging (11)
 C - a wand of flame (7)
 T - a wand of iceblast (1)
Scrolls
 f - 5 scrolls of immolation
 o - 2 scrolls of enchant armour
 w - 4 scrolls of vulnerability
 z - 2 scrolls of enchant weapon
 D - 2 scrolls of holy word
 H - a scroll of teleportation
 S - 2 scrolls of brand weapon
Potions
 b - 3 potions of invisibility {unknown}
 h - 3 potions of attraction {unknown}
 k - 4 potions of curing
 l - 9 potions of ambrosia
 m - 3 potions of haste
 n - 2 potions of flight
 p - a potion of heal wounds
 v - 5 potions of lignification
 E - 2 potions of might {unknown}
 F - 2 potions of degeneration {unknown}
 G - 5 potions of mutation {unknown}
 P - 3 potions of magic {unknown}
 Q - a potion of brilliance {unknown}
 R - a potion of resistance {unknown}
Miscellaneous
 a - a tin of tremorstones (2/2)


   Skills:
 + Level 13.5 Fighting
 * Level 6.2(9.1) Axes
 - Level 10.4(11.1) Polearms
 + Level 8.6 Throwing
 + Level 8.2 Dodging
 + Level 6.4 Invocations


You had 11 spell levels left.
You didn't know any spells.
Your spell library contained the following spells:

 Spells                   Type           Power      Damage    Failure   Level
 Beastly Appendage        Tmut           0%         N/A       45%         1
 Slow                     Hex            0%         N/A       45%         1
 Blink                    Tloc           0%         N/A       61%         2
 Wereblood                Tmut           0%         N/A       61%         2
 Confusing Touch          Hex            0%         N/A       83%         3
 Lesser Beckoning         Tloc           0%         N/A       83%         3
 Spider Form              Tmut/Pois      0%         N/A       83%         3
 Vampiric Draining        Necr           0%         2d6       83%         3
 Manifold Assault         Tloc           0%         N/A       100%        5
 Yara's Violent Unravell  Hex/Tmut       0%         3d3       100%        5
 Enfeeble                 Hex            0%         N/A       100%        7
 Storm Form               Tmut/Air       0%         N/A       100%        7


Dungeon Overview and Level Annotations

Branches:
Dungeon (13/15)            Temple (1/1) D:5            Lair (0/6) D:10
    Orc (0/2) D:10         Bailey (visited)
 Vaults: D:13-14

Altars:
Ashenzari
Cheibriados
Dithmenos
Elyvilon
Fedhas
Gozag
Hepliaklqana
Kikubaaqudgha
Makhleb
Nemelex Xobeh
Okawaru
Qazlal
Ru
Sif Muna
Trog
Uskayaw
Vehumet
Wu Jian
Xom
Yredelemnul
Zin
The Shining One

Shops:
D:1 ?   D:2 !   D:3 :   D:10 (   D:11 *

Annotations:
D:12 1 runed translucent door, Fuumyij's ghost, journeyman DsGl


Innate Abilities, Weirdness & Mutations

You are too large for most types of armour.
You have tough skin. (AC +1)


Message History

You throw a large rock.
The large rock hits the five-headed hydra!
The five-headed hydra is almost dead.
Throw: 11 large rocks
Press: ? - help, Q - select action, (/) - cycle Shift-Dir - straight line, f/p - five-headed hydra
Aim: a five-headed hydra (almost dead, 83% to hit)
You throw a large rock.
The large rock hits the five-headed hydra.
The five-headed hydra is almost dead.
The five-headed hydra bites you but does no damage.
The five-headed hydra barely misses you.
The five-headed hydra bites you! x2; The five-headed hydra misses you.
The five-headed hydra bites you but does no damage.
The five-headed hydra bites you. x2
The five-headed hydra bites you but does no damage.
The five-headed hydra bites you.
Throw: 10 large rocks
Press: ? - help, Q - select action, (/) - cycle Shift-Dir - straight line, f/p - five-headed hydra
Aim: a five-headed hydra (almost dead, 83% to hit)
You throw a large rock.
The large rock hits the five-headed hydra!!
You kill the five-headed hydra!
Okawaru is honoured by your kill.
You start resting.
A centaur warrior comes into view.
The centaur warrior shouts!
The centaur warrior wields a +0 shortbow of flaming.
It bursts into flame!
The centaur warrior shoots an arrow.
The arrow barely misses you.
The centaur warrior shoots an arrow.
The arrow closely misses you.
The centaur warrior shoots an arrow.
The arrow closely misses you.
The centaur warrior shoots an arrow.
The arrow barely misses you.
The centaur warrior shoots an arrow.
The arrow hits you!
* * * LOW HITPOINT WARNING * * *
The arrow burns you.
* * * LOW HITPOINT WARNING * * *
The centaur warrior shoots an arrow.
The arrow hits you!!
* * * LOW HITPOINT WARNING * * *
The arrow burns you!
You die...

#...##.........>.#......###
....†..............?[.....#
((.(...##c.........#..#####
..............#..........#
.....######..............#
##.!.# #..............#
#..[# ####..............#
#...............).).....#
#....#####.....@...#.####
#..... #......<..#.# ..##
####.#).#...# #.#..##..#
#....# #.# ..### #....# ##
#....##...##
#.##.....#######
#..............#


You could see a centaur warrior.

Vanquished Creatures
  2 hydras (D:13)
  A skeletal warrior (D:13)
  2 orc knights
  Pikel (D:5)
  2 ugly things
  4 cyclopes
  2 manticores (D:12)
  A water nymph (shapeshifter) (D:12)
  A gargoyle (D:12)
  An unseen horror (D:10)
  Maggie (D:6)
  A komodo dragon (D:5)
  4 trolls
  Grinder (D:5)
  3 meliai (D:12)
  A slime creature (D:12)
  A queen bee (D:12)
  A hornet (D:10)
  Sigmund (D:5)
  4 yaks (D:9)
  A shadow (D:11)
  5 wraiths
  Eustachio (D:5)
  A basilisk (D:7)
  A hog (shapeshifter) (D:13)
  Grum (D:8)
  A steam dragon (D:8)
  A water moccasin (D:8)
  Duvessa (D:6)
  4 ice beasts
  5 orc warriors
  An ogre (D:6)
  2 necrophages
  4 wolves
  4 centaurs
  A phantom (D:4)
  Blork the orc (D:6)
  A kobold brigand (D:8)
  2 gnoll sergeants
  5 bullfrogs
  5 scorpions
  A wyvern zombie (D:5)
  A wyvern skeleton (D:6)
  Dowan (D:6)
  16 killer bees (D:12)
  5 wights
  3 electric eels (D:5)
  3 howler monkeys (D:12)
  A bullfrog zombie (D:5)
  4 centaur zombies
  2 bullfrog skeletons
  Crazy Yiuf (D:4)
  A centaur skeleton (D:6)
  A gnoll shaman (D:7)
  8 orc priests
  4 iguanas
  4 orc wizards
  A killer bee zombie (D:6)
  A hound zombie (D:5)
  2 howler monkey zombies
  5 adders
  18 gnolls
  2 white imps (D:6)
  2 adder skeletons (D:4)
  4 worms
  2 dart slugs (D:3)
  50 orcs
  7 ball pythons
  6 endoplasms
  5 giant cockroaches
  7 goblins
  6 hobgoblins
  4 jackals (D:2)
  4 quokkas
  2 bats
  7 frilled lizards
  10 kobolds
  6 rats
290 creatures vanquished.

Vanquished Creatures (collateral kills)
  4 gnolls (D:7)
  A shadow imp (D:7)
5 creatures vanquished.

Vanquished Creatures (others)
  6 fungi (D:10)
  14 plants
20 creatures vanquished.

Grand Total: 315 creatures vanquished

Notes
Turn   | Place    | Note
-------+----------+-------------------------------------------
     0 | D:1      | Foxy the Ogre Gladiator began the quest for the Orb.
     0 | D:1      | Reached XP level 1. HP: 22/22 MP: 1/1
   149 | D:1      | Reached skill level 3 in Fighting
   336 | D:1      | Found Tamn's Magic Scroll Emporium.
   345 | D:1      | Reached XP level 2. HP: 27/31 MP: 2/2
  1069 | D:2      | Reached XP level 3. HP: 34/37 MP: 3/3
  1248 | D:2      | Found a faded altar of an unknown god.
  1850 | D:2      | Reached XP level 4. HP: 47/48 MP: 4/4
  1990 | D:2      | Reached skill level 4 in Fighting
  2150 | D:2      | Found Poynleus's Distillery.
  2153 | D:2      | Bought a potion of heal wounds for 65 gold pieces
  2712 | D:3      | Found Lepokhua's Book Shoppe.
  2904 | D:3      | Reached XP level 5. HP: 54/55 MP: 5/5
  3124 | D:3      | Reached skill level 1 in Polearms
  3207 | D:3      | Found a sacrificial altar of Ru.
  3509 | D:4      | Found a snail-covered altar of Cheibriados.
  3734 | D:4      | Found a runed translucent door.
  3735 | D:4      | Noticed Crazy Yiuf
  3786 | D:4      | Identified the ring of Coihur {*Slow rN+ Will+ Slay+3}
  3893 | D:4      | Noticed a phantom
  3901 | D:4      | Killed a phantom
  3902 | D:4      | Reached skill level 5 in Fighting
  3902 | D:4      | Reached XP level 6. HP: 52/66 MP: 6/6
  4214 | D:4      | Killed Crazy Yiuf
  4339 | D:1      | Bought a scroll of blinking for 97 gold pieces
  4357 | D:2      | Bought a potion of curing for 39 gold pieces
  4502 | D:5      | Entered Level 5 of the Dungeon
  4613 | D:5      | Noticed Pikel
  4621 | D:5      | Killed Pikel
  4622 | D:5      | Reached skill level 6 in Fighting
  4622 | D:5      | Reached XP level 7. HP: 66/76 MP: 7/7
  4800 | D:5      | Reached skill level 7 in Fighting
  4833 | D:5      | Reached XP level 8. HP: 71/87 MP: 8/8
  4965 | D:5      | Noticed Sigmund
  4970 | D:5      | Noticed Eustachio
  4973 | D:5      | Killed Sigmund
  4984 | D:5      | Killed Eustachio
  5182 | D:5      | Noticed Grinder
  5190 | D:5      | Killed Grinder
  5191 | D:5      | Reached skill level 8 in Fighting
  5191 | D:5      | Reached skill level 5 in Polearms
  5259 | D:5      | Found a staircase to the Ecumenical Temple.
  5268 | Temple   | Entered the Ecumenical Temple
  5303 | Temple   | Became a worshipper of Warmaster Okawaru
  5496 | D:5      | Found a shadowy altar of Dithmenos.
  5496 | D:5      | Found a burning altar of Makhleb.
  5504 | D:5      | Found a faded altar of an unknown god.
  5506 | D:5      | Found a radiant altar of Vehumet.
  5508 | D:5      | Found a glowing silver altar of Zin.
  5748 | D:5      | Noticed a komodo dragon
  5766 | D:5      | Killed a komodo dragon
  5766 | D:5      | Reached * piety under Okawaru
  5767 | D:5      | Reached skill level 9 in Fighting
  5767 | D:5      | Reached skill level 5 in Throwing
  5767 | D:5      | Reached skill level 5 in Dodging
  5767 | D:5      | Reached XP level 9. HP: 98/98 MP: 9/9
  6406 | D:6      | Noticed Duvessa
  6406 | D:6      | Noticed Dowan
  6410 | D:6      | Killed Duvessa
  6415 | D:6      | Killed Dowan
  6591 | D:6      | Noticed Maggie
  6602 | D:6      | Killed Maggie
  6794 | D:6      | Found a basalt altar of Yredelemnul.
  6821 | D:6      | Found a sparkling altar of Nemelex Xobeh.
  6829 | D:6      | Reached ** piety under Okawaru
  6859 | D:6      | Reached skill level 10 in Fighting
  6911 | D:6      | Noticed Blork the orc
  6930 | D:6      | Killed Blork the orc
  7496 | D:7      | Reached XP level 10. HP: 98/111 MP: 10/10
  7871 | D:7      | Reached skill level 1 in Invocations
  8167 | D:7      | Reached skill level 11 in Fighting
  8395 | D:7      | Noticed a manticore
  8598 | D:7      | Identified the +1 robe "Yrafuwn" {rCorr}
  8703 | D:8      | Noticed Grum
  9096 | D:8      | Reached *** piety under Okawaru
  9114 | D:8      | Killed Grum
  9360 | D:8      | Received a gift from Okawaru
  9925 | D:9      | Found a flagged portal.
 10008 | Bailey   | Entered a bailey
 10287 | Bailey   | Noticed an orc knight
 10302 | Bailey   | Killed an orc knight
 10734 | D:9      | You fall into a shaft and drop 1 floor!
 10734 | D:10     | Entered Level 10 of the Dungeon
 10734 | D:10     | Noticed an eight-headed hydra
 11467 | D:9      | Found a hide-covered altar of Uskayaw.
 11776 | D:9      | Reached **** piety under Okawaru
 11777 | D:9      | Reached skill level 12 in Fighting
 11785 | D:9      | Reached XP level 11. HP: 107/123 MP: 13/13
 12153 | D:10     | Found a staircase to the Lair.
 12324 | D:10     | Noticed a purple ugly thing
 12325 | D:10     | Noticed an orc knight
 12338 | D:10     | Killed a purple ugly thing
 12355 | D:10     | Killed an orc knight
 12644 | D:10     | Found a staircase to the Orcish Mines.
 12644 | D:10     | Found Xoup's Weapon Boutique.
 12668 | D:10     | Found an opulent altar of Gozag.
 13145 | D:10     | Reached ***** piety under Okawaru
 13291 | D:11     | Found a blossoming altar of Fedhas.
 13380 | D:11     | Noticed a cyclops
 13398 | D:11     | Killed a cyclops
 13613 | D:11     | Reached skill level 10 in Polearms
 13770 | D:11     | Noticed a cyclops
 13780 | D:11     | Killed a cyclops
 13957 | D:11     | Noticed a cyclops
 13969 | D:11     | Killed a cyclops
 13970 | D:11     | Reached skill level 5 in Invocations
 13996 | D:11     | Noticed a red ugly thing
 14002 | D:11     | Killed a red ugly thing
 14189 | D:11     | Found Vekluacoz's General Store.
 14310 | D:11     | Noticed a five-headed hydra
 14704 | D:12     | Received a gift from Okawaru
 14815 | D:12     | Found a runed translucent door.
 14815 | D:12     | Noticed Fuumyij's ghost (journeyman DsGl)
 14831 | D:12     | Noticed a manticore
 14842 | D:12     | Killed a manticore
 14947 | D:12     | Reached skill level 13 in Fighting
 14976 | D:12     | Reached XP level 12. HP: 126/136 MP: 16/16
 15651 | D:12     | Reached skill level 5 in Axes
 17238 | D:13     | Noticed a seven-headed hydra
 17243 | D:13     | Killed a seven-headed hydra
 17243 | D:13     | Received a gift from Okawaru
 17398 | D:13     | Identified the +6 glaive "Embalmer" {vorpal, Will++}
                  | (Okawaru gifted it to you on level 13 of the Dungeon)
 17398 | D:13     | Received a gift from Okawaru
 17449 | D:13     | Killed a five-headed hydra
 17453 | D:13     | Noticed a centaur warrior
 17465 | D:13     | Shot with an arrow by a centaur warrior

Illustrated notes

Levels and vault maps discovered:
D:1:      amcnicky_arrival_flooded_fountain, layout_loops_cross, serial_shops,
          nicolae_shop_waterfront
D:2:      layout_basic, hellmonk_ecumenical_altar_inner_sanctum, serial_shops,
          nicolae_shop_behind_doors
D:3:      layout_basic, nicolae_ru_sacrificial_ziggurat, serial_shops, shop,
          feat_on_display
D:4:      layout_basic, mainiacjoe_overflow_24_doors, uniq_crazy_yiuf_cottage
D:5:      cheibrodos_two_vegetables, layout_basic,
          chequers_temple_overflow_minitemple, lemuel_temple_firewalk_b,
          uniq_eustachio, uniq_sigmund, uniq_grinder, uniq_pikel
D:6:      layout_basic, mainiacjoe_overflow_alcove_1, lemuel_tele_altar,
          minmay_between, uniq_blork_the_orc, uniq_maggie, uniq_duvessa
D:7:      layout_loops_ring, minmay_microvault
D:8:      layout_basic, st_stairs_6, uniq_grum
D:9:      layout_roguey, nicolae_uskayaw_murder_on_the_dancefloor,
          enter_bailey_2
D:10:     layout_stronghold, grunt_gozag_statues,
          grunt_lair_entry_orc_guard_hut, orc_david_3, corner_web_ring
D:11:     layout_roguey, serial_shops, nicolae_shop_trees,
          fedhas_bush_and_centaur_altar
D:12:     layout_roguey [special_room_bee], hellmonk_ghost_big_iron
D:13:     layout_rooms, kennysheep_generic_room_12
Temple:   minmay_temple_bridge_abc

Skill      XL: |  1  2  3  4  5  6  7  8  9 10 11 12 |
---------------+-------------------------------------+-----
Fighting       | 3 4 5 6 7 9 10 12 13 | 13.5
Dodging        | 3 4 5 6 7 8 |  8.2
Polearms       | 2 3 4 6 7 9 10 | 10.4
Throwing       | 3 4 5 6 7 8 |  8.6
Invocations    | 3 5 6 |  6.4
Axes           | 4 6 |  6.2

Action                   |  1- 3 |  4- 6 |  7- 9 | 10-12 || total
-------------------------+-------+-------+-------+-------++-------
Melee: War axe           |   112 |    28 |       |       ||   140
       Halberd           |       |    99 |   154 |   382 ||   635
       Spear             |       |       |       |     5 ||     5
       Battleaxe         |       |       |       |   138 ||   138
Throw: Boomerang         |       |       |    13 |       ||    13
       Javelin           |       |       |     5 |       ||     5
       Dart              |       |       |     4 |     6 ||    10
       Large rock        |       |       |       |    18 ||    18
Invok: Heroism           |       |       |       |     4 ||     4
Evoke: Wand              |       |       |       |    14 ||    14
  Use: Scroll            |       |     6 |     4 |     7 ||    17
       Potion            |       |       |     1 |     6 ||     7
 Stab: Sleeping          |     2 |       |       |       ||     2
Armor: Robe              |    33 |    13 |    13 |       ||    59
       Swamp dragon scal |       |       |    22 |   198 ||   220
       Troll leather arm |       |       |       |     6 ||     6
       Skin              |       |       |       |     1 ||     1
Dodge: Dodged            |    66 |    63 |    74 |   358 ||   561

Table legend: (Time is in decaauts)
 A = Elapsed time spent in this place.
 B = Non-inter-level travel time spent in this place.
 C = Inter-level travel time spent in this place.
 D = Time resting spent in this place.
 E = Time spent auto-exploring this place.
 F = Levels seen in this place.
 G = Mean time per level.
                   A        B        C        D        E       F      G
               +--------+--------+--------+--------+--------+-----+--------+
         Total |  17746 |  16821 |    925 |   4493 |   9223 |  15 | 1183.1 |
       Dungeon |  17028 |  16136 |    892 |   4245 |   9041 |  13 | 1309.8 |
        Temple |     69 |     36 |     33 |      0 |      0 |   1 |   69.0 |
        Bailey |    647 |    647 |      0 |    248 |    182 |   1 |  647.0 |
               +--------+--------+--------+--------+--------+-----+--------+

Top non-repeatable levels by time:
    D:11: 2410 daAuts
     D:5: 1888 daAuts
     D:2: 1634 daAuts
    D:12: 1608 daAuts
     D:9: 1425 daAuts
    D:10: 1377 daAuts
     D:7: 1294 daAuts
     D:6: 1144 daAuts
     D:1: 1092 daAuts
     D:8: 1000 daAuts
     D:3: 956 daAuts
     D:4: 903 daAuts
  Bailey: 647 daAuts
    D:13: 293 daAuts
  Temple: 69 daAuts
